 Dungeon Crawl Stone Soup version 0.23-b1-51-gfe822ef6ca (webtiles) character file.

Game seed: 2379286847631080884

8246 Kaderl the Grappler (level 11, 0/82 (84) HPs)
             Began as a Ghoul Gladiator on Feb 3, 2019.
             Was a Believer of Dithmenos.
             Slain by a wraith (5 damage)
             ... led by Josephine
             ... on level 11 of the Dungeon.
             The game lasted 00:43:27 (10625 turns).

Kaderl the Grappler (Ghoul Gladiator)              Turns: 10625, Time: 00:43:27

HP:   0/82 (84)     AC: 11    Str: 19    XL:     11   Next: 27%
MP:   11/11         EV: 16    Int:  3    God:    Dithmenos [**....]
Gold: 535           SH:  0    Dex: 13    Spells: 10/10 levels left

rFire    . . .     SeeInvis .     - Unarmed
rCold    + . .     Gourm    .   (no shield)
rNeg     + + +     Faith    .   s - +3 leather armour
rPois    ∞         Spirit   .   n - +2 helmet
rElec    .         Reflect  .   (no cloak)
rCorr    +         Harm     .   (no gloves)
MR       .....                  f - +0 pair of boots
Stlth    ++++++....             (no amulet)
HPRegen  0.00/turn              z - ring of stealth
MPRegen  0.12/turn              w - ring of resist corrosion

@: rotting, slowed, wreathed by umbra, very slow
A: rotting body, claws 1, carnivore, cold resistance 1, negative energy
resistance 3, inhibited regeneration, torment resistance, unbreathing
a: Shadow Step, Renounce Religion


You were on level 11 of the Dungeon.
You worshipped Dithmenos.
Dithmenos was pleased with you.
You were not hungry.

You visited 2 branches of the dungeon, and saw 12 of its levels.
You also visited: Bailey.

You collected 535 gold pieces.

Inventory:

Missiles
 c - 3 throwing nets
 m - 25 tomahawks of returning (quivered)
Armour
 f - a +0 pair of boots (worn)
 n - a +2 helmet (worn)
 s - a +3 leather armour (worn)
Jewellery
 w - a ring of resist corrosion (right claw)
 z - a ring of stealth (left claw)
 A - an uncursed ring of protection from fire
 D - an uncursed ring of protection from fire
Wands
 t - a wand of digging (1)
 y - a wand of paralysis (11)
Scrolls
 a - a scroll of fear
 h - 11 scrolls of remove curse
 o - 4 scrolls of teleportation
 r - 3 scrolls of amnesia
 u - a scroll of fog {unknown}
 v - 5 scrolls of identify
Potions
 b - a potion of mutation {unknown}
 e - 2 potions of berserk rage {unknown}
 g - a potion of brilliance {unknown}
 i - 3 potions of heal wounds
 j - a potion of invisibility {unknown}
 k - a potion of ambrosia {unknown}
 l - 3 potions of might
 p - 2 potions of magic {unknown}
 q - 2 potions of flight {unknown}
 x - 2 potions of haste {unknown}
 B - 2 potions of resistance {unknown}
Comestibles
 d - 27 rations
 C - a chunk of flesh


   Skills:
 + Level 4.2 Fighting
 + Level 2.6 Throwing
 + Level 4.5 Armour
 * Level 8.1 Dodging
 * Level 9.2 Stealth
 + Level 12.2 Unarmed Combat
 + Level 1.4 Evocations


You had 10 spell levels left.
You didn't know any spells.
Your spell library contained the following spells:

 Spells                   Type           Power        Failure   Level  Hunger
 Animate Skeleton         Necr           N/A          56%         1    ##.....
 Apportation              Tloc           #.....       56%         1    ##.....
 Confusing Touch          Hex            #.....       56%         1    ##.....
 Summon Small Mammal      Summ           #...         56%         1    ##.....
 Sticks to Snakes         Tmut           #.......     71%         2    ###....
 Beastly Appendage        Tmut           Unusable     N/A         1    N/A
 Spider Form              Tmut/Pois      Unusable     N/A         3    N/A
 Ice Form                 Ice/Tmut       Unusable     N/A         4    N/A
 Blade Hands              Tmut           Unusable     N/A         5    N/A

Dungeon Overview and Level Annotations

Branches:
Dungeon (11/15)            Temple (1/1) D:6            Lair (0/6) D:10
    Orc: D:9-12

Altars:
Ashenzari
Cheibriados
Dithmenos
Elyvilon
Fedhas
Gozag
Hepliaklqana
Kikubaaqudgha
Makhleb
Nemelex Xobeh
Okawaru
Qazlal
Ru
Sif Muna
Trog
Uskayaw
Vehumet
Wu Jian
Xom
Yredelemnul
Zin
The Shining One

Shops:
D:7 (!*:*

Annotations:
D:8 1 runed translucent door, Vesto's ghost, novice MiFi
D:11 1 runed translucent door, ciphuk's ghost, journeyman NaFi


Innate Abilities, Weirdness & Mutations

Your body is rotting away.
You thrive on raw meat.
You are immune to poison.
You have sharp fingernails.
You are carnivorous and can eat meat at any time.
Your flesh is cold resistant. (rC+)
You are immune to negative energy. (rN+++)
You do not regenerate when monsters are visible.
You are immune to unholy pain and torment.
You can survive without breathing.


Message History

You scratch the wraith but do no damage.
The wraith is moderately damaged.
The wraith misses you. The wraith hits you!
* * * LOW HITPOINT WARNING * * *
The wraith drains your vigour!
You feel as though you will be slow longer.
You scratch the wraith.
The wraith is moderately damaged.
The wraith misses you. x2
The wraith hits you but does no damage. The wraith barely misses you.
The wraith hits you!
* * * LOW HITPOINT WARNING * * *
The wraith drains your vigour!
You feel as though you will be slow longer.
The wraith hits you but does no damage. The wraith misses you.
The wraith closely misses you. The wraith closely misses you.
Ciphuk's ghost whispers, "There is no future for you."
The wraith hits you.
You die...

.#...###..........####....######.
.#...# #.......(.# ##...# #.
.....###..###...## ##.## #.
...####..##⌠##=.## #.# #. .###
#..##...##..# #.# #. )..#
#.##..!..##.## #.# #. .#.#
#.+...♣!.W#..######.# ## .#.#
#.##.$[..##WW.)...#.#
.#.###..##...##.@#####.#.#
..÷......##⌠##..## #.#.#
##.#####..###...# ####.#.# .>.#
#.....#.###......# ####
###....>....##.### ###.#.######.#
#.#........# # ##########


You could see 2 wraiths and ciphuk's ghost.

Vanquished Creatures
  Josephine (D:11)
  A two-headed ogre (D:9)
  An orc knight (D:10)
  A komodo dragon (D:10)
  A troll (D:10)
  A hornet (D:10)
  2 hippogriffs (D:8)
  4 wraiths
  4 yaks (D:10)
  A vampire mosquito (D:8)
  A water moccasin (D:5)
  A hornet zombie (D:10)
  2 orc warriors
  An eye of draining (D:11)
  4 sky beasts
  A necrophage (D:6)
  3 ogres
  4 centaurs
  A big kobold (D:8)
  7 bullfrogs
  A wyvern skeleton (D:11)
  A scorpion (D:10)
  5 killer bees (D:7)
  7 howler monkeys
  5 crimson imps
  A quasit (D:10)
  2 jellies
  5 orc priests
  9 hounds
  2 bullfrog skeletons
  An iron imp (D:8)
  A centaur skeleton (D:4)
  A gnoll shaman (D:8)
  3 orc wizards
  An iguana (D:4)
  5 worker ants
  6 hound skeletons
  3 worker ant zombies
  10 gnolls
  13 adders
  4 river rats (D:5)
  A shadow imp (D:5)
  3 oozes
  An adder skeleton (D:5)
  3 worms
  2 dart slugs
  6 leopard geckos
  27 orcs
  3 ball pythons
  5 bats
  5 giant cockroaches
  6 goblins
  8 hobgoblins
  6 jackals
  5 quokkas
  3 frilled lizards
  26 kobolds
  4 rats
  2 plants (D:5)
244 creatures vanquished.

Vanquished Creatures (others)
  A plant (D:10)
1 creature vanquished.

Grand Total: 245 creatures vanquished

Notes
Turn   | Place    | Note
-------+----------+-------------------------------------------
     0 | D:1      | Kaderl the Ghoul Gladiator began the quest for the Orb.
     0 | D:1      | Reached XP level 1. HP: 17/17 MP: 0/0
     2 | D:1      | Noticed a ghoul
     4 | D:1      | Noticed a tengu
     4 | D:1      | Noticed a centaur
     6 | D:1      | Noticed a gargoyle
     8 | D:1      | Noticed a dwarf
     8 | D:1      | Noticed a felid
    10 | D:1      | Noticed a formicid
    10 | D:1      | Noticed a demigod
    12 | D:1      | Noticed a naga
    12 | D:1      | Noticed a vampire
    14 | D:1      | Noticed a minotaur
    16 | D:1      | Noticed an ogre
    16 | D:1      | Noticed a draconian
    18 | D:1      | Noticed a halfling
    20 | D:1      | Noticed a troll
    20 | D:1      | Noticed an octopode
    22 | D:1      | Noticed an elf
    22 | D:1      | Noticed a demonspawn
    24 | D:1      | Noticed a spriggan
    24 | D:1      | Noticed a vine stalker
    26 | D:1      | Noticed a merfolk
    26 | D:1      | Noticed a human
    91 | D:1      | Reached XP level 2. HP: 17/24 MP: 1/1
   737 | D:2      | Reached XP level 3. HP: 27/30 MP: 2/2
   829 | D:2      | Reached skill level 1 in Stealth
   913 | D:2      | Reached skill level 4 in Unarmed Combat
   922 | D:2      | Reached skill level 1 in Armour
   922 | D:2      | Reached XP level 4. HP: 26/37 MP: 3/3
  1251 | D:3      | Reached XP level 5. HP: 28/42 MP: 4/4
  1814 | D:3      | Reached skill level 5 in Unarmed Combat
  1825 | D:3      | Reached XP level 6. HP: 31/50 MP: 5/5
  2470 | D:4      | Found a blossoming altar of Fedhas.
  2488 | D:4      | Got a transparent robe
  2499 | D:4      | Identified the +2 robe "Jetzaow" {rF+} (You found it on
                  | level 4 of the Dungeon)
  2643 | D:5      | Entered Level 5 of the Dungeon
  2725 | D:5      | Noticed a water moccasin
  2739 | D:5      | Killed a water moccasin
  2739 | D:5      | Reached skill level 6 in Unarmed Combat
  2739 | D:5      | Reached XP level 7. HP: 41/56 MP: 6/6
  3213 | D:5      | Reached skill level 7 in Unarmed Combat
  3216 | D:5      | Reached XP level 8. HP: 48/63 MP: 7/7
  4050 | D:6      | Reached skill level 5 in Dodging
  4051 | D:6      | Found a burning altar of Makhleb.
  4119 | D:6      | Reached skill level 8 in Unarmed Combat
  4252 | D:6      | Found a staircase to the Ecumenical Temple.
  4452 | Temple   | Entered the Ecumenical Temple
  4483 | Temple   | Became a worshipper of Dithmenos the Shadowed
  4779 | D:7      | Reached skill level 5 in Stealth
  4795 | D:7      | Reached XP level 9. HP: 35/67 MP: 8/8
  4894 | D:7      | Found Guoteschoq's Distillery.
  4919 | D:7      | Found Qonli's Assorted Antiques.
  5229 | D:7      | Found Mihuump's Book Shoppe.
  5267 | D:7      | Found Hefop's Assorted Antiques.
  5366 | D:7      | Reached skill level 9 in Unarmed Combat
  5688 | D:7      | Found Emeix's Antique Weapon Shoppe.
  6172 | D:8      | Found a hide-covered altar of Uskayaw.
  6235 | D:8      | Reached * piety under Dithmenos
  6242 | D:8      | Found a snail-covered altar of Cheibriados.
  6372 | D:8      | Found a runed translucent door.
  6372 | D:8      | Found a shimmering altar of Xom.
  6372 | D:8      | Noticed Vesto's ghost (novice MiFi)
  6373 | D:8      | Noticed a +1 trident of chaos
  6632 | D:8      | Reached skill level 10 in Unarmed Combat
  6730 | D:8      | Reached XP level 10. HP: 56/78 MP: 9/9
  7551 | D:9      | Noticed a two-headed ogre
  7603 | D:9      | Found an ornate altar of the Wu Jian Council.
  7615 | D:9      | Found an ancient bone altar of Kikubaaqudgha.
  7626 | D:9      | Found a basalt altar of Yredelemnul.
  7764 | D:9      | Found a sparkling altar of Nemelex Xobeh.
  8027 | D:9      | Killed a two-headed ogre
  8027 | D:9      | Reached ** piety under Dithmenos
  8027 | D:9      | Reached skill level 11 in Unarmed Combat
  8294 | D:10     | Entered Level 10 of the Dungeon
  8296 | D:10     | Found a flagged portal.
  8307 | Bailey   | Entered a bailey
  8538 | Bailey   | Noticed an orc knight
  8538 | Bailey   | Noticed an orc knight
  8587 | D:10     | HP: 2/78 [orc knight/+0 war axe (31)]
  9080 | D:10     | Killed an orc knight
  9080 | D:10     | Reached skill level 1 in Evocations
  9277 | D:10     | Found a stormy altar of Qazlal.
  9515 | D:10     | Found a staircase to the Lair.
  9541 | D:10     | Reached XP level 11. HP: 15/84 MP: 11/11
 10409 | D:11     | Noticed ciphuk's ghost (journeyman NaFi)
 10411 | D:11     | Found a runed translucent door.
 10451 | D:11     | Reached skill level 12 in Unarmed Combat
 10559 | D:11     | Noticed Josephine
 10589 | D:11     | Killed Josephine
 10625 | D:11     | Slain by a wraith

Skill      XL: |  1  2  3  4  5  6  7  8  9 10 11 |
---------------+----------------------------------+-----
Dodging        | 3 4 5 6 7 8 |  8.1
Throwing       | 2 |  2.6
Stealth        | 1 2 3 5 6 8 9 |  9.2
Unarmed Combat | 4 5 6 7 8 10 11 12 | 12.2
Armour         | 1 2 3 4 |  4.5
Fighting       | 3 4 |  4.2
Evocations     | 1 |  1.4

Action                   |  1- 3 |  4- 6 |  7- 9 | 10-12 || total
-------------------------+-------+-------+-------+-------++-------
Melee: Unarmed           |    81 |   210 |   423 |   303 ||  1017
       Punch             |     2 |     4 |    12 |    26 ||    44
Throw: Tomahawk          |       |       |       |    15 ||    15
Evoke: Wand              |       |       |     2 |    19 ||    21
  Use: Scroll            |     2 |     4 |    10 |     5 ||    21
       Potion            |       |       |       |     1 ||     1
 Stab: Sleeping          |       |       |     6 |     6 ||    12
       Distracted        |       |       |     1 |       ||     1
       Paralysed         |       |       |       |     6 ||     6
  Eat: Chunk             |     8 |    16 |    36 |    33 ||    93
       Ration            |       |       |       |     1 ||     1
Armor: Leather armour    |    14 |    55 |   127 |    72 ||   268
Dodge: Dodged            |    42 |   121 |   289 |   252 ||   704
